 Dungeon Crawl Stone Soup version 0.27-a0-1230-gfc7c993222 (webtiles) character file.

Game seed: 7372414238394054616

1548 27snakeeyes612 the Chopper (level 8, -3/72 HPs)
             Began as a Naga Fighter on June 8, 2021.
             Was an Initiate of Makhleb.
             Killed from afar by a steam dragon (12 damage)
             ... with a ball of steam
             ... on level 7 of the Dungeon.
             The game lasted 00:07:19 (7796 turns).

27snakeeyes612 the Chopper (Naga Fighter)           Turns: 7796, Time: 00:07:20

Health: -3/72      AC: 11    Str: 22    XL:     8   Next: 87%
Magic:  8/8        EV:  6    Int: 10    God:    Makhleb [......]
Gold:   342        SH:  9    Dex: 10    Spells: 7/7 levels left

rFire    . . .     SeeInvis +   a - +0 war axe
rCold    . . .     Faith    .   c - +0 kite shield
rNeg     . . .     Spirit   .   b - +0 scale mail
rPois    +         Reflect  .   (no helmet)
rElec    .         Harm     .   m - +2 cloak
rCorr    +         Rampage  .   z - +0 pair of gloves "Axzeem" {rCorr Str+2}
Will     +....                  (no barding)
Stlth    +.........             (no amulet)
HPRegen  0.22/turn              (no ring)
MPRegen  0.11/turn              (no ring)

@: very slow
A: AC +2, large, see invisible, deformed body, poison resistance, slowness 2,
spit poison 1, naga tail 1
a: Spit Poison, Renounce Religion


You were on level 7 of the Dungeon.
You worshipped Makhleb.
Makhleb was noncommittal.
You visited 2 branches of the dungeon, and saw 8 of its levels.

You collected 342 gold pieces.

Inventory:

Hand Weapons
 a - a +0 war axe (weapon)
Missiles
 h - 5 boomerangs of dispersal
 s - 5 curare-tipped darts
Armour
 b - a +0 scale mail (worn)
 c - a +0 kite shield (worn)
 m - a +2 cloak (worn)
 o - a +0 chain mail
 z - the +0 pair of gloves "Axzeem" (worn) {rCorr Str+2}
   (You found it on level 5 of the Dungeon)

   It affects your strength (+2).
   It protects you from acid and corrosion.
 D - a +0 cloak
Jewellery
 f - a ring of poison resistance
Wands
 d - a wand of polymorph (3)
Scrolls
 e - 2 scrolls of noise {unknown}
 k - a scroll of teleportation {unknown}
 l - 8 scrolls of identify {unknown}
 n - 4 scrolls of magic mapping {unknown}
 q - a scroll of fog {unknown}
 r - a scroll of amnesia {unknown}
 v - 4 scrolls of enchant weapon {unknown}
 x - a scroll of enchant armour {unknown}
 y - a scroll of immolation {unknown}
 B - a scroll of blinking {unknown}
 C - a scroll of fear {unknown}
Potions
 g - a potion of magic {unknown}
 i - 4 potions of curing
 j - 3 potions of ambrosia {unknown}
 p - 3 potions of heal wounds {unknown}
 t - 3 potions of brilliance {unknown}
 u - a potion of mutation {unknown}
 w - a potion of lignification {unknown}
 A - a potion of resistance {unknown}
 E - a potion of flight {unknown}


   Skills:
 + Level 4.3 Fighting
 + Level 7.2 Axes
 + Level 4.9 Armour
 + Level 1.9 Dodging
 + Level 2.6 Stealth
 + Level 4.4 Shields
 + Level 0.7 Unarmed Combat


You had 7 spell levels left.
You didn't know any spells.
Your spell library contained the following spells:

 Spells                   Type           Power      Damage    Failure   Level
 Animate Skeleton         Necr           0%         N/A       94%         1
 Apportation              Tloc           0%         N/A       94%         1
 Corona                   Hex            0%         N/A       94%         1
 Shock                    Conj/Air       0%         1d3       94%         1
 Summon Small Mammal      Summ           0%         N/A       94%         1
 Static Discharge         Conj/Air       0%         N/A       98%         2
 Confusing Touch          Hex            0%         N/A       100%        3
 Gell's Gravitas          Tloc           0%         N/A       100%        3
 Swiftness                Air            0%         N/A       100%        3
 Airstrike                Air            0%         N/A       100%        4
 Petrify                  Tmut/Erth      0%         N/A       100%        4
 Lightning Bolt           Conj/Air       0%         1d11      100%        5
 Metabolic Englaciation   Hex/Ice        0%         N/A       100%        5
 Yara's Violent Unravell  Hex/Tmut       0%         3d3       100%        5


Dungeon Overview and Level Annotations

Branches:
Dungeon (7/15)             Temple (1/1) D:6

Altars:
Dithmenos
Fedhas
Gozag
Hepliaklqana
Kikubaaqudgha
Makhleb
Trog
Uskayaw
Wu Jian
Xom
The Shining One

Annotations:
D:4 1 runed translucent door, celly00's ghost, amateur GrMo
D:5 1 runed translucent door, sm0rk's ghost, novice DrTm


Innate Abilities, Weirdness & Mutations

Your serpentine skin is tough. (AC +2)
You have supernaturally acute eyesight. (SInv)
Armour fits poorly on your strangely shaped body.
Your system is resistant to poisons. (rPois)
You cover ground very slowly.
You can spit poison.
You have a snake-like lower body.


Message History

The steam dragon is moderately wounded.
You are engulfed in a cloud of scalding steam.
The steam dragon bites you but does no damage.
The steam dragon claws you but does no damage.
You hit the steam dragon but do no damage.
The steam dragon is moderately wounded.
You are engulfed in a cloud of scalding steam.
* * * LOW HITPOINT WARNING * * *
The steam dragon closely misses you. The steam dragon barely misses you.
You hit the steam dragon but do no damage.
The steam dragon is moderately wounded.
You are engulfed in a cloud of scalding steam.
You block the steam dragon's attack. The steam dragon barely misses you.
The steam dragon breathes steam at you. The ball of steam hits you!
* * * LOW HITPOINT WARNING * * *
You block the steam dragon's attack. x2
Abil: Spit Poison
Press: ? - help, Q - select action, (/) - cycle Shift-Dir - straight line, f - steam dragon
Aim: a steam dragon (moderately wounded, catching its breath)
The splash of poison hits the steam dragon.
The steam dragon is poisoned.
The steam dragon is moderately wounded.
You block the steam dragon's attack.
The steam dragon claws you but does no damage.
You barely miss the steam dragon.
The steam dragon is heavily wounded.
The steam dragon bites you but does no damage.
You block the steam dragon's attack.
You closely miss the steam dragon.
The steam dragon is heavily wounded.
You have got your breath back.
The steam dragon barely misses you. x2; You block the steam dragon's attack. x2
The steam dragon bites you but does no damage.
You block the steam dragon's attack.
You hit the steam dragon.
The steam dragon is heavily wounded.
The steam dragon breathes steam at you. The ball of steam hits you!
You die...

###..# #.# .....# #.#
.....# #.# .....# #.#
....## . #.# ###.# ..
#.# #.# ... #.# #.#
#... #.# #.#
.....##@#######
###'###
......D........
......#
..#####.#######
......# #.# ......#
#.# ......# #.#
......# ######.###
......#.# #........##
......#.............#


You could see a steam dragon (poisoned, catching breath).

Vanquished Creatures
  Grinder (D:4)
  A water moccasin (D:3)
  2 ogres (D:4)
  3 phantoms
  2 scorpions
  A wyvern skeleton (D:6)
  A water moccasin skeleton (D:5)
  A howler monkey (D:7)
  3 hounds
  An orc priest (D:7)
  A centaur skeleton (D:4)
  5 iguanas
  4 orc wizards
  7 adders
  2 ufetubi
  3 worms
  15 dart slugs
  15 orcs
  2 bats
  4 endoplasms
  6 giant cockroaches
  9 goblins
  8 hobgoblins
  10 jackals
  5 kobolds
  3 quokkas
  7 ball pythons
  3 frilled lizards
  4 rats
129 creatures vanquished.

Notes
Turn   | Place    | Note
-------+----------+-------------------------------------------
     0 | D:1      | 27snakeeyes612 the Naga Fighter began the quest for the
                  | Orb.
     0 | D:1      | Reached XP level 1. HP: 21/21 MP: 1/1
   248 | D:1      | Reached XP level 2. HP: 21/28 MP: 2/2
   518 | D:1      | Found a faded altar of an unknown god.
   734 | D:1      | Reached XP level 3. HP: 33/34 MP: 3/3
  1434 | D:2      | Reached skill level 3 in Axes
  1715 | D:2      | Reached XP level 4. HP: 28/42 MP: 4/4
  3078 | D:3      | Reached XP level 5. HP: 48/49 MP: 5/5
  3719 | D:3      | Noticed a water moccasin
  3724 | D:3      | Killed a water moccasin
  3725 | D:3      | Reached skill level 4 in Axes
  3725 | D:3      | Reached skill level 1 in Stealth
  3725 | D:3      | Reached XP level 6. HP: 52/56 MP: 6/6
  4168 | D:4      | Noticed Grinder
  4168 | D:4      | Paralysed by Grinder for 2 turns
  4177 | D:4      | Paralysed by Grinder for 3 turns
  4185 | D:4      | Killed Grinder
  4186 | D:4      | Reached skill level 5 in Axes
  4186 | D:4      | Reached skill level 1 in Dodging
  4186 | D:4      | Reached XP level 7. HP: 63/63 MP: 7/7
  4631 | D:4      | Found a runed translucent door.
  4782 | D:4      | Noticed celly00's ghost (amateur GrMo)
  4928 | D:4      | Reached XP level 8. HP: 41/72 MP: 8/8
  5261 | D:4      | Reached skill level 6 in Axes
  5533 | D:5      | Entered Level 5 of the Dungeon
  5816 | D:5      | Found a runed translucent door.
  5820 | D:5      | Noticed sm0rk's ghost (novice DrTm)
  5876 | D:5      | Identified the +0 pair of gloves "Axzeem" {rCorr Str+2}
  6930 | D:6      | Reached skill level 7 in Axes
  7203 | D:6      | Found a staircase to the Ecumenical Temple.
  7255 | Temple   | Entered the Ecumenical Temple
  7314 | Temple   | Became a worshipper of Makhleb the Destroyer
  7796 | D:7      | Killed from afar by a steam dragon

Illustrated notes

Levels and vault maps discovered:
D:1:      dpeg_arrival_three_same_balls, layout_basic,
          ebering_ecumenical_altar_mist
D:2:      layout_loops_ring, kennysheep_minor_cross
D:3:      kennysheep_slugbush, layout_basic, portal_sewer_entry_c,
          minmay_fractal_squares_5
D:4:      layout_basic, ebering_ghost_sewer_d, hangedman_decor_diamond_cutter,
          minmay_fractal_squares_gapless_5, uniq_grinder
D:5:      layout_basic, ebering_ghost_reflecting_pool
D:6:      layout_loops_corners, minmay_temple_entry_enclosed_plants
D:7:      minmay_the_grid_octo_triangle [minmay_the_grid_octo_thin_diamonds,
          minmay_the_grid_octo_prize_square_snowflake,
          minmay_the_grid_octo_concentric], layout_basic,
          okawaru_metal_pillars_3
Temple:   minmay_crystal_snake_temple

Skill      XL: |  1  2  3  4  5  6  7  8 |
---------------+-------------------------+-----
Axes           | 3 4 5 7 |  7.2
Shields        | 3 4 |  4.4
Armour         | 3 4 |  4.9
Stealth        | 1 2 |  2.6
Dodging        | 1 |  1.9
Fighting       | 4 |  4.3
Unarmed Combat | |  0.7

Action                   |  1- 3 |  4- 6 |  7- 9 || total
-------------------------+-------+-------+-------++-------
Melee: War axe           |   114 |    99 |   225 ||   438
       Unarmed           |       |     4 |     1 ||     5
 Abil: Spit Poison       |     1 |     2 |     2 ||     5
  Use: Potion            |       |     1 |       ||     1
Armor: Scale mail        |    54 |    74 |   141 ||   269
       Skin              |       |     1 |       ||     1
Dodge: Dodged            |    30 |    28 |    82 ||   140
Block: Kite shield       |    67 |    59 |   132 ||   258

Table legend: (Time is in decaauts)
 A = Elapsed time spent in this place.
 B = Non-inter-level travel time spent in this place.
 C = Inter-level travel time spent in this place.
 D = Time resting spent in this place.
 E = Time spent auto-exploring this place.
 F = Levels seen in this place.
 G = Mean time per level.
                   A        B        C        D        E       F      G
               +--------+--------+--------+--------+--------+-----+--------+
         Total |   9736 |   9367 |    369 |    390 |   7710 |   8 | 1217.0 |
       Dungeon |   9587 |   9284 |    303 |    390 |   7631 |   7 | 1369.6 |
        Temple |    148 |     82 |     66 |      0 |     79 |   1 |  148.0 |
               +--------+--------+--------+--------+--------+-----+--------+

Top non-repeatable levels by time:
     D:4: 1959 daAuts
     D:2: 1821 daAuts
     D:3: 1790 daAuts
     D:6: 1645 daAuts
     D:1: 1258 daAuts
     D:5: 868 daAuts
     D:7: 244 daAuts
  Temple: 148 daAuts
